BSA
SO CAL HENVY @ BIRMINGHAM STEELDOGS
05/01/2026
 
TOP OF THE 1ST
So Cal Henvy batting - Pitching for Birmingham Steeldogs : RHP Arthur Green
Pitching: RHP Arthur Green
Batting: SHB Miguel González 0-0: Swinging Strike
0-1: Swinging Strike
0-2: Ball
1-2: Ball
2-2: Ball
3-2: Foul Ball, location: 2F
3-2: Base on Balls
Batting: LHB John Peterson 0-0: Grounds into double play, U4-3 (Groundball, 4M)
Batting: RHB Rubén Calderón 0-0: Foul Ball, location: 2F
0-1: Swinging Strike
0-2: Strikes out swinging
Top of the 1st over - 0 run(s), 0 hit(s), 0 error(s), 0 left on base; So Cal 0 - Birmingham 0
BOTTOM OF THE 1ST
Birmingham Steeldogs batting - Pitching for So Cal Henvy : RHP Alejandro Méndez
Pitching: RHP Alejandro Méndez
Batting: RHB Nick Webb 0-0: Called Strike
0-1: Called Strike
0-2: Ball
1-2: Ball
2-2: Ball
3-2: Foul Ball, location: 2F
3-2: Base on Balls
Batting: LHB Glenn Garrett 0-0: Called Strike
0-1: Ball
1-1: Foul Ball, location: 2F
Reached via error on a dropped throw, E1
Nick Webb to second
Batting: LHB Chris Miller 0-0: Ball
1-0: SINGLE (Line Drive, 78M)
Nick Webb to third
Glenn Garrett to second
Batting: LHB Arturo Molina 0-0: Called Strike
0-1: SINGLE (Flyball, 8LS)
Nick Webb scores
Glenn Garrett to third
Chris Miller to second
Batting: RHB Raúl Soto 0-0: Ball
1-0: Ball
2-0: Called Strike
2-1: Foul Ball, location: 2F
2-2: Ball
3-2: Strikes out swinging
Batting: LHB Mitchell Oglethorpe 0-0: Ball
1-0: Ball
2-0: Called Strike
2-1: Foul Ball, location: 2F
2-2: Foul Ball, location: 2F
2-2: Ball
3-2: Base on Balls
Glenn Garrett scores
Chris Miller to third
Arturo Molina to second
Batting: LHB José Sánchez 0-0: Called Strike
0-1: Ball
1-1: Foul Ball, location: 2F
1-2: Ball
2-2: SINGLE (Line Drive, 7S)
Chris Miller scores
Arturo Molina to third
Mitchell Oglethorpe to second
Batting: RHB Eric Johnson 0-0: Swinging Strike
0-1: Foul Ball, location: 2F
0-2: Ball
1-2: GRAND SLAM HOME RUN (Flyball, 89XD), Distance : 406 ft
Batting: LHB José Martínez 0-0: Fly out, F9 (Flyball, 9S)
Batting: RHB Nick Webb 0-0: Foul Ball, location: 2F
0-1: Ball
1-1: Ball
2-1: Foul Ball, location: 2F
2-2: Strikes out swinging
Bottom of the 1st over - 7 run(s), 4 hit(s), 1 error(s), 0 left on base; So Cal 0 - Birmingham 7
TOP OF THE 2ND
So Cal Henvy batting - Pitching for Birmingham Steeldogs : RHP Arthur Green
Batting: LHB José Antonio Santiago 0-0: Swinging Strike
0-1: Foul Ball, location: 2F
0-2: Ball
1-2: Foul Ball, location: 2F
1-2: Ball
2-2: Ball
3-2: Base on Balls
Batting: RHB Earl Wiggins 0-0: Ball
1-0: Ball
2-0: Swinging Strike
2-1: Ball
3-1: Fly out, F7 (Flyball, 7D)
Batting: SHB Esteban Silva Balk!
José Antonio Santiago to second
0-0: Called Strike
Throwing error on steal attempt, E2
José Antonio Santiago scores
0-1: Ball
1-1: Foul Ball, location: 2F
1-2: Foul Ball, location: 2F
1-2: DOUBLE (Flyball, 78XD)
Batting: RHB Morgan Gibbon 0-0: Ball
1-0: DOUBLE (Line Drive, 5D)
Esteban Silva scores
Batting: LHB Al Mills 0-0: Called Strike
0-1: Foul Ball, location: 2F
0-2: Ball
1-2: Ball
2-2: Foul Ball, location: 2F
2-2: Strikes out swinging
Batting: SHB Derek Roach 0-0: Called Strike
0-1: SINGLE (Line Drive, 6MD)
Morgan Gibbon to third
Runner from 3rd tries for Home, SAFE, no throw or cutoff
Batting: SHB Miguel González 0-0: Foul Ball, location: 2F
0-1: SINGLE (Flyball, 4MD)
Derek Roach to second
Batting: LHB John Peterson 0-0: Reached on error, E4 (Groundball, 34)
Derek Roach to third
Miguel González to second
Batting: RHB Rubén Calderón 0-0: Called Strike
0-1: Ball
1-1: Foul Ball, location: 2F
1-2: Foul Ball, location: 2F
1-2: Fly out, F8 (Flyball, 8LS)
Top of the 2nd over - 3 run(s), 4 hit(s), 2 error(s), 3 left on base; So Cal 3 - Birmingham 7
BOTTOM OF THE 2ND
Birmingham Steeldogs batting - Pitching for So Cal Henvy : RHP Alejandro Méndez
Batting: LHB Glenn Garrett 0-0: Ball
1-0: Foul Ball, location: 2F
1-1: Foul Ball, location: 2F
1-2: Ball
2-2: Foul Ball, location: 2F
2-2: Strikes out swinging
Batting: LHB Chris Miller 0-0: Ball
1-0: Called Strike
1-1: Ball
2-1: Swinging Strike
2-2: SINGLE (Line Drive, 89S)
Batting: LHB Arturo Molina 0-0: Ball
1-0: Foul Ball, location: 2F
1-1: Fly out, F7 (Flyball, 78XD)
Batting: RHB Raúl Soto 0-0: Ball
1-0: Ball
2-0: Ball
3-0: Base on Balls
Chris Miller to second
Batting: LHB Mitchell Oglethorpe 0-0: Foul Ball, location: 2F
0-1: Ball
1-1: Ball
2-1: Called Strike
2-2: Ball
3-2: SINGLE (Line Drive, 8LS)
Chris Miller to third
Raúl Soto to second
Chris Miller scores
Raúl Soto to third
Pitching: RHP Jesse Green
Batting: LHB José Sánchez 0-0: Called Strike
0-1: Ball
1-1: Foul Ball, location: 2F
1-2: DOUBLE (Line Drive, 9LS)
Raúl Soto scores
Mitchell Oglethorpe to third
Runner from 3rd tries for Home, SAFE, no throw or cutoff
Batting: RHB Eric Johnson 0-0: Foul Ball, location: 2F
0-1: Ball
1-1: Ground out 1-3 (Groundball, 23)
Bottom of the 2nd over - 3 run(s), 3 hit(s), 0 error(s), 1 left on base; So Cal 3 - Birmingham 10
TOP OF THE 3RD
So Cal Henvy batting - Pitching for Birmingham Steeldogs : RHP Arthur Green
Batting: LHB José Antonio Santiago 0-0: Ball
1-0: Called Strike
1-1: Ball
2-1: Ball
3-1: Ground out U3 (Groundball, 3)
Batting: RHB Earl Wiggins 0-0: Ball
1-0: Ball
2-0: Ball
3-0: Called Strike
3-1: Ground out 6-3 (Groundball, 6MS)
Batting: SHB Esteban Silva 0-0: Called Strike
0-1: Swinging Strike
0-2: Ground out 4-3 (Groundball, 4)
Top of the 3rd over - 0 run(s), 0 hit(s), 0 error(s), 0 left on base; So Cal 3 - Birmingham 10
BOTTOM OF THE 3RD
Birmingham Steeldogs batting - Pitching for So Cal Henvy : RHP Jesse Green
Batting: LHB José Martínez 0-0: Ball
1-0: Ball
2-0: Called Strike
2-1: Foul Ball, location: 2F
2-2: Ground out 3-1 (Groundball, 23)
Batting: RHB Nick Webb 0-0: Foul Ball, location: 2F
0-1: Swinging Strike
0-2: Foul Ball, location: 2F
0-2: SINGLE (Line Drive, 4)
Batting: LHB Glenn Garrett 0-0: Ball
1-0: Ball
2-0: Called Strike
2-1: Ball
3-1: Fly out, F7 (Flyball, 78M)
Batting: LHB Chris Miller 0-0: Called Strike
0-1: Ball
1-1: Ground out 4-3 (Groundball, 4)
Bottom of the 3rd over - 0 run(s), 1 hit(s), 0 error(s), 1 left on base; So Cal 3 - Birmingham 10
TOP OF THE 4TH
So Cal Henvy batting - Pitching for Birmingham Steeldogs : RHP Arthur Green
Batting: RHB Morgan Gibbon 0-0: Called Strike
0-1: Called Strike
0-2: Foul Ball, location: 2F
0-2: Ball
1-2: Strikes out swinging
Batting: LHB Al Mills 0-0: Called Strike
0-1: Ball
1-1: Foul Ball, location: 2F
1-2: Ball
2-2: Strikes out looking
Batting: SHB Derek Roach 0-0: Ball
1-0: Ball
2-0: Fly out, F9 (Flyball, 9D)
Top of the 4th over - 0 run(s), 0 hit(s), 0 error(s), 0 left on base; So Cal 3 - Birmingham 10
BOTTOM OF THE 4TH
Birmingham Steeldogs batting - Pitching for So Cal Henvy : RHP Jesse Green
Batting: LHB Arturo Molina 0-0: Swinging Strike
0-1: Ball
1-1: Swinging Strike
1-2: Strikes out swinging
Batting: RHB Raúl Soto 0-0: Swinging Strike
0-1: Foul Ball, location: 2F
0-2: Ball
1-2: Strikes out swinging
Batting: LHB Mitchell Oglethorpe 0-0: Called Strike
0-1: Swinging Strike
0-2: Ball
1-2: Strikes out swinging
Bottom of the 4th over - 0 run(s), 0 hit(s), 0 error(s), 0 left on base; So Cal 3 - Birmingham 10
TOP OF THE 5TH
So Cal Henvy batting - Pitching for Birmingham Steeldogs : RHP Arthur Green
Batting: SHB Miguel González 0-0: Ball
1-0: DOUBLE (Line Drive, 9LS)
Batting: LHB John Peterson 0-0: Ground out 3-1 (Groundball, 34)
Miguel González to third
Batting: RHB Rubén Calderón 0-0: Called Strike
0-1: Ball
1-1: 2-RUN HOME RUN (Flyball, 7LD), Distance : 352 ft
Batting: LHB José Antonio Santiago 0-0: Ball
1-0: Ball
2-0: Ground out U3 (Groundball, 3S)
Batting: RHB Earl Wiggins 0-0: Swinging Strike
0-1: Ground out 6-3 (Groundball, 56)
Top of the 5th over - 2 run(s), 2 hit(s), 0 error(s), 0 left on base; So Cal 5 - Birmingham 10
BOTTOM OF THE 5TH
Birmingham Steeldogs batting - Pitching for So Cal Henvy : RHP Jesse Green
Batting: LHB José Sánchez 0-0: Ground out 3-1 (Groundball, 3L)
Batting: RHB Eric Johnson 0-0: Called Strike
0-1: Ball
1-1: Ball
2-1: Fly out, F8 (Line Drive, 8RD)
Batting: LHB José Martínez 0-0: Ball
1-0: Swinging Strike
1-1: Ball
2-1: Called Strike
2-2: SINGLE (Groundball, 34D)
Batting: RHB Nick Webb 0-0: Ball
1-0: Ball
2-0: Ground out 4-3 (Groundball, 4)
Bottom of the 5th over - 0 run(s), 1 hit(s), 0 error(s), 1 left on base; So Cal 5 - Birmingham 10
TOP OF THE 6TH
So Cal Henvy batting - Pitching for Birmingham Steeldogs : RHP Arthur Green
Batting: SHB Esteban Silva 0-0: Called Strike
0-1: Ball
1-1: Ball
2-1: Foul Ball, location: 2F
2-2: Foul Ball, location: 2F
2-2: Ball
3-2: Foul Ball, location: 2F
3-2: Foul Ball, location: 2F
3-2: Foul Ball, location: 2F
3-2: Strikes out looking
Batting: RHB Morgan Gibbon 0-0: SINGLE (Line Drive, 4D)
Batting: LHB Al Mills 0-0: Foul Ball, location: 2F
0-1: Ball
1-1: Ball
2-1: Ball
3-1: Grounds into double play, 1-6-3 (Groundball, 25)
Top of the 6th over - 0 run(s), 1 hit(s), 0 error(s), 0 left on base; So Cal 5 - Birmingham 10
BOTTOM OF THE 6TH
Birmingham Steeldogs batting - Pitching for So Cal Henvy : RHP Jesse Green
Batting: LHB Glenn Garrett 0-0: Ground out 4-3 (Groundball, 4)
Batting: LHB Chris Miller 0-0: Called Strike
0-1: Foul Ball, location: 2F
0-2: Ground out 4-3 (Groundball, 4)
Pitching: LHP Raúl Sandoval
Batting: LHB Arturo Molina 0-0: Ground out 4-3 (Groundball, 4)
Bottom of the 6th over - 0 run(s), 0 hit(s), 0 error(s), 0 left on base; So Cal 5 - Birmingham 10
TOP OF THE 7TH
So Cal Henvy batting - Pitching for Birmingham Steeldogs : RHP Arthur Green
Pitching: RHP Pat Lee
Batting: SHB Derek Roach 0-0: Called Strike
0-1: Foul Ball, location: 2F
0-2: Fly out, F7 (Flyball, 7LMF)
Batting: SHB Miguel González 0-0: SINGLE (Line Drive, 34)
Batting: LHB John Peterson 0-0: Fly out, F7 (Flyball, 78M)
Batting: RHB Rubén Calderón 0-0: Ball
1-0: Ball
2-0: Ball
3-0: Called Strike
3-1: Ground out 6-3 (Groundball, 6)
Top of the 7th over - 0 run(s), 1 hit(s), 0 error(s), 1 left on base; So Cal 5 - Birmingham 10
BOTTOM OF THE 7TH
Birmingham Steeldogs batting - Pitching for So Cal Henvy : LHP Raúl Sandoval
Batting: RHB Raúl Soto 0-0: Called Strike
0-1: Ball
1-1: Fly out, F6 (Popup, 6D)
Batting: LHB Mitchell Oglethorpe 0-0: Called Strike
0-1: Fly out, F8 (Flyball, 89D)
Batting: LHB José Sánchez 0-0: SINGLE (Groundball, 34S)
Batting: RHB Eric Johnson 0-0: Called Strike
0-1: Fly out, F8 (Flyball, 8LXD)
Bottom of the 7th over - 0 run(s), 1 hit(s), 0 error(s), 1 left on base; So Cal 5 - Birmingham 10
TOP OF THE 8TH
So Cal Henvy batting - Pitching for Birmingham Steeldogs : RHP Pat Lee
Now at 1B: Júlio Pacheco
Batting: LHB José Antonio Santiago 0-0: Fly out, F7 (Line Drive, 78M)
Batting: RHB Earl Wiggins 0-0: Ball
1-0: Called Strike
1-1: Swinging Strike
1-2: Strikes out swinging
Batting: SHB Esteban Silva 0-0: Ball
1-0: SOLO HOME RUN (Line Drive, 9D), Distance : 376 ft
Batting: RHB Morgan Gibbon 0-0: Ground out 6-3 (Groundball, 6M)
Top of the 8th over - 1 run(s), 1 hit(s), 0 error(s), 0 left on base; So Cal 6 - Birmingham 10
BOTTOM OF THE 8TH
Birmingham Steeldogs batting - Pitching for So Cal Henvy : LHP Raúl Sandoval
Batting: LHB José Martínez 0-0: Called Strike
0-1: Reached on Error, E6 (Popup, 56D)
Batting: RHB Nick Webb 0-0: Ball
1-0: Ball
2-0: Bunted foul
2-1: Bunted foul
2-2: Ball
3-2: Fielders Choice at 2nd, 6-4 (Groundball, 6)
Batting: LHB Glenn Garrett 0-0: Ball
1-0: Reached on error, E3 (Groundball, 3)
Nick Webb to second
Batting: LHB Chris Miller 0-0: Ball
1-0: Fly out, F7 (Popup, 7S)
Batting: LHB Arturo Molina 0-0: Ball
1-0: Ball
2-0: Swinging Strike
2-1: Swinging Strike
2-2: Foul Ball, location: 2F
2-2: Fly out, F8 (Flyball, 8LS)
Bottom of the 8th over - 0 run(s), 0 hit(s), 2 error(s), 2 left on base; So Cal 6 - Birmingham 10
TOP OF THE 9TH
So Cal Henvy batting - Pitching for Birmingham Steeldogs : RHP Pat Lee
Pitching: RHP David Simpson
Batting: LHB Al Mills 0-0: Called Strike
0-1: Ball
1-1: Fly out, F7 (Flyball, 78M)
Batting: SHB Derek Roach 0-0: Ball
1-0: Foul Ball, location: 2F
1-1: Foul Ball, location: 2F
1-2: Foul Ball, location: 2F
1-2: Foul Ball, location: 2F
1-2: Ball
2-2: Ball
3-2: Base on Balls
Batting: SHB Miguel González 0-0: Foul Ball, location: 2F
0-1: Ball
1-1: Ball
2-1: Foul Ball, location: 2F
2-2: Ball
3-2: SINGLE (Line Drive, 34)
Derek Roach to second
Batting: LHB John Peterson 0-0: Ball
1-0: Fielders Choice at 2nd, 4-6 (Groundball, 34)
Derek Roach to third
Batting: RHB Rubén Calderón 0-0: Ball
Wild Pitch!
Derek Roach scores
John Peterson to second
1-0: Ground out 6-3 (Groundball, 6M)
Top of the 9th over - 1 run(s), 1 hit(s), 0 error(s), 1 left on base; So Cal 7 - Birmingham 10
Monday, December 5th, 2016 - OOTP Baseball 17.12 Build 75